 Dungeon Crawl Stone Soup version 0.22-a0-136-g83a10e5 (webtiles) character file.

16 mhoghedin the Conjurer (level 2, 10/15 HPs)
             Began as a Tengu Conjurer on Feb 3, 2018.
             Quit the game on level 1 of the Dungeon.
             The game lasted 00:01:13 (270 turns).

mhoghedin the Conjurer (Tengu Conjurer)              Turns: 270, Time: 00:01:13

Health: 10/15      AC:  2    Str:  8    XL:     2   Next: 54%
Magic:  1/6        EV: 12    Int: 15    God:
Gold:   0          SH:  0    Dex: 14    Spells: 4/5 levels left

rFire    . . .     SeeInvis .   d - +0 club
rCold    . . .     Gourm    .   (no shield)
rNeg     . . .     Faith    .   a - +0 robe
rPois    .         Spirit   .   (helmet restricted)
rElec    .         Reflect  .   (no cloak)
rCorr    .         Harm     .   (no gloves)
MR       .....                  (boots unavailable)
Stlth    ++........             (no amulet)
HPRegen  0.05/turn              (no ring)
MPRegen  0.10/turn              (no ring)

@: no status effects
A: beak, talons 3
a: no special abilities


You were on level 1 of the Dungeon.
You were not hungry.

You visited 1 branch of the dungeon, and saw 1 of its levels.

Inventory:

Hand Weapons
 d - a +0 club (weapon)
   (You took it off a hobgoblin on level 1 of the Dungeon)
Armour
 a - a +0 robe (worn)
Scrolls
 f - a scroll of noise {unknown}
Potions
 e - a potion of might {unknown}
Books
 b - a book of Conjurations
Comestibles
 c - 2 rations
 g - a chunk of flesh {@w0}


   Skills:
 - Level 2.1 Dodging
 - Level 2.0 Stealth
 + Level 2.4 Spellcasting
 + Level 5.7 Conjurations


You had 4 spell levels left.
You knew the following spells:

 Your Spells              Type           Power        Failure   Level  Hunger
a - Magic Dart            Conj           ###.         1%          1    #......


Dungeon Overview and Level Annotations

Branches:
Dungeon (1/15)

Altars:


Innate Abilities, Weirdness & Mutations

You have a beak for a mouth.
You have claws for feet.


Message History

A bat comes into view.
A bat is nearby!
A bat is nearby!
Aim: a bat (resting)
The magic dart hits the bat.
You kill the bat!
You now have 5/6 mp.
You can't see any susceptible monsters within range! (Use Z to cast anyway.) Unknown command.
You can't see any susceptible monsters within range! (Use Z to cast anyway.) Unknown command.
A rat comes into view.
A rat is nearby!
A rat is nearby!
Aim: a rat (resting)
The magic dart hits the rat.
You kill the rat!
You now have 4/6 mp.
You can't see any susceptible monsters within range! (Use Z to cast anyway.) Unknown command.
e - a sapphire potion A leopard gecko comes into view.
A leopard gecko is nearby!
Aim: a leopard gecko (clinging, resting)
The magic dart hits the leopard gecko.
You now have 3/6 mp.
Aim: a leopard gecko (heavily wounded)
The magic dart hits the leopard gecko.
Aim: a leopard gecko (almost dead)
The magic dart hits the leopard gecko.
You kill the leopard gecko!
You now have 2/6 mp.
Unknown command.
You can't see any susceptible monsters within range! (Use Z to cast anyway.) Unknown command.
A goblin comes into view. It is wielding a club.
A goblin is nearby!
A goblin is nearby!
A goblin is nearby!
Aim: a goblin, wielding a club (resting)
The magic dart hits the goblin.
The goblin shouts!
You now have 1/6 mp.
Aim: a goblin, wielding a club (severely wounded)
The magic dart hits the goblin.
You kill the goblin!
You now have 0/6 mp.
f - a scroll labeled DEAFFE SIXT
There are no items here.
You start resting.
A giant cockroach comes into view.
A giant cockroach is nearby!
A giant cockroach is nearby!
A giant cockroach is nearby!
Unknown command.
A hobgoblin and a dart slug come into view.
The hobgoblin moves out of view.
You don't have enough magic to cast that spell.
You don't have enough magic to cast that spell.
The giant cockroach waves its antennae.
The giant cockroach barely misses you.
The giant cockroach bites you but does no damage.
The giant cockroach completely misses you.
The giant cockroach bites you.
You take 1 damage, and have 14/15 hp.
The dart slug launches a dart at you. The slug dart hits you!
The giant cockroach closely misses you.
You take 5 damage, and have 9/15 hp.
MASSIVE DAMAGE!!
Aim: a giant cockroach (clinging)
The magic dart hits the giant cockroach.
The giant cockroach barely misses you. x2
You now have 1/6 mp.
Aim: a giant cockroach (severely wounded, clinging)
The magic dart hits the giant cockroach.
You kill the giant cockroach!
You now have 0/6 mp.
You don't have enough magic to cast that spell.
You hit the dart slug. The dart slug closely misses you.
You hit the dart slug. You claw the dart slug.
You peck the dart slug, but do no damage.
The dart slug bites you.
You take 1 damage, and have 9/15 hp.
You hit the dart slug.
You kill the dart slug!
You see here a dart slug corpse.
You butcher the dart slug corpse.
g - a chunk of flesh {@w0} You start resting.
A dart slug comes into view.
You regained 2 mp, and now have 3/6 mp.
A dart slug is nearby!
A dart slug is nearby!
Unknown command.
Aim: a dart slug (clinging, hasn't noticed you)
The magic dart hits the dart slug.
You now have 2/6 mp.
Aim: a dart slug (lightly wounded, clinging)
The magic dart hits the dart slug.
You now have 1/6 mp.

..............# #
..............###
#####
...............#######
.....
.....................
.....
#.......##.####..##
#.#### ###+#+####.# ..
. . .........# .# ##
.........#####.###.
........@..†.......
...................
...................
........#........?#
........#.........#
........#.........#
.?#######w........# ..
#..........
#.....[....


You could see a dart slug.

Vanquished Creatures
  A dart slug (D:1)
  A leopard gecko (D:1)
  2 giant cockroaches (D:1)
  A goblin (D:1)
  2 hobgoblins (D:1)
  A bat (D:1)
  A frilled lizard (D:1)
  2 kobolds (D:1)
  A rat (D:1)
12 creatures vanquished.

Notes
Turn   | Place    | Note
-------+----------+-------------------------------------------
     0 | D:1      | mhoghedin the Tengu Conjurer began the quest for the Orb.
     0 | D:1      | Reached XP level 1. HP: 10/10 MP: 4/4
   137 | D:1      | Reached XP level 2. HP: 13/15 MP: 1/6
   270 | D:1      | Quit the game

Vault maps used:
D:1:      kennysheep_arrival_forest, roderic_cross_of_infinity

Action                   || total
-------------------------++-------
Melee: Unarmed           ||     9
       Club              ||     8
       Peck              ||     5
       Kick              ||     4
 Cast: Magic Dart        ||    21
Armor: Robe              ||     4
Dodge: Dodged            ||    17

Table legend:
 A = Spawn XP
 B = Non-spawn XP
 C = Spawn XP percentage of total XP
 D = Spawn monster count
 E = Non-spawn monster count
 F = Spawn count percentage of total count
 G = Total turns spent on level
                    A         B        C        D         E        F      G
               +---------+---------+-------+---------+---------+-------+---------
         Total |       0 |      23 |   0.0 |       0 |      12 |   0.0 |   270
               +---------+---------+-------+---------+---------+-------+---------
           D:1 |       0 |      23 |   0.0 |       0 |      12 |   0.0 |   270
               +---------+---------+-------+---------+---------+-------+---------

Vault maps used:
D:1:      kennysheep_arrival_forest, roderic_cross_of_infinity

Table legend:
 A = Turns spent in this place as a percentage of turns spent in the entire game.
 B = Non-inter-level travel turns spent in this place as a percentage of non-inter-level travel turns spent in the entire game.
 C = Inter-level travel turns spent in this place as a percentage of turns spent in this place.
 D = Turns resting spent in this place as a percentage of non-inter-level travel turns spent in this place.
 E = Turns spent auto-exploring this place as a percentage of non-inter-level travel turns spent in this place.
 F = Non-inter-level travel turns spent in this place divided by the number of levels of this place that you've seen.
                   A       B       C       D       E      F
               +-------+-------+-------+-------+-------+----------------------
         Total | 100.0 | 100.0 |   0.0 |  37.0 |  31.1 | 270.0
       Dungeon | 100.0 | 100.0 |   0.0 |  37.0 |  31.1 | 270.0
               +-------+-------+-------+-------+-------+----------------------

Table legend:
 A = Kills in this place as a percentage of kills in entire the game.
 B = Kills by you in this place as a percentage of kills by you in the entire game.
 C = Kills by friends in this place as a percentage of kills by friends in the entire game.
 D = Other kills in this place as a percentage of other kills in the entire game.
 E = Experience gained in this place as a percentage of experience gained in the entire game.
 F = Experience gained in this place divided by the number of levels of this place that you have seen.
                   A       B       C       D       E      F
               +-------+-------+-------+-------+-------+----------------------
         Total | 100.0 | 100.0 |   N/A |   N/A | 100.0 |  23.0
       Dungeon | 100.0 | 100.0 |   N/A |   N/A | 100.0 |  23.0
               +-------+-------+-------+-------+-------+----------------------
